Map: Blackrock LE

Players

SpeCial

  • Race: Terran Terran
  • League: Grandmaster

A.I. 1 (Very Easy) - Winner!

  • Race: Zerg Zerg

VOD

Have the link to the VOD?

Description

Time

  • Played on: June 23, 2026, 2:01 p.m.
  • Length: 6:41
Show
View Real Time Build Order
Export as new Build Order

SpeCial Terran 

Build Orders: Reaper Expand 

Get SALT Encoding   

  8  0:00  SCV  
  9  0:12  SCV  
  10  0:24  SCV  
  11  0:29  Supply Depot  
  11  0:36  SCV  
  12  0:48  SCV  
  13  0:52  Barracks  
  13  1:02  Refinery  
  13  1:04  SCV  
  14  1:16  SCV  
  15  1:28  SCV  
  16  1:42  Orbital Command  
  16  1:45  Reaper  
  17  2:06  Command Center  
  17  2:10  SCV  
  18  2:17  Marine  
  18  2:22  SCV  
  20  2:27  Factory  
  20  2:35  Supply Depot  
  20  2:37  SCV  
  20  2:41  Barracks Reactor  
  21  2:57  SCV  
  22  3:09  SCV  
  23  3:15  Command Center  
  23  3:22  SCV  
  23  3:23  Orbital Command  
  24  3:31  Starport  
  24  3:34  SCV  
  25  3:45  Hellion x2  
  25  3:47  SCV  
  30  3:48  SCV  
  30  3:54  Refinery  
  31  3:59  SCV  
  31  4:00  SCV  
  33  4:08  Hellion x2  
  37  4:13  Fusion Core  
  37  4:14  SCV  
  37  4:15  SCV  
  39  4:20  Starport Tech Lab  
  39  4:26  SCV  
  39  4:27  SCV  
  39  4:29  Orbital Command  
  41  4:33  Hellion x2  
  45  4:38  SCV  
  45  4:39  SCV  
  45  4:42  Supply Depot  
  47  4:51  SCV x2  
  49  4:56  SCV  
  49  4:59  Hellion  
  54  5:00  Hellion, Supply Depot  
  54  5:03  SCV  
  54  5:06  SCV  
  59  5:08  SCV  
  60  5:16  Battlecruiser  
  60  5:20  Orbital Command  
  63  5:22  SCV x2  
  63  5:28  Refinery x2  
  65  5:30  Supply Depot, Hellion  
  65  5:31  Hellion  
  65  5:34  SCV x2  
  71  5:39  Supply Depot  
  71  5:46  SCV x2  
  71  5:52  SCV  
  71  5:56  Hellion x2  
  76  5:58  SCV  
  76  6:00  SCV  
  76  6:01  Factory  
  76  6:02  Factory, Supply Depot  
  78  6:04  SCV  
  78  6:10  SCV  
  78  6:11  Supply Depot  
  80  6:12  SCV  
  80  6:16  SCV  
  80  6:18  Hellion x2  
  86  6:20  Supply Depot  
  86  6:22  SCV  
  86  6:25  SCV  
  94  6:28  SCV  
Show
View Real Time Build Order
Export as new Build Order

A.I. 1 (Very Easy) Zerg - Winner!

Build Orders: Pool Only 

Get SALT Encoding   

  8  0:00  Drone  
  9  0:11  Drone  
  10  0:18  Drone  
  11  0:25  Drone  
  12  0:33  Overlord  
  12  0:52  Drone  
  13  0:59  Drone  
  13  1:03  Spawning Pool  
  13  1:04  Extractor  
  12  1:08  Drone  
  13  1:15  Drone  
  14  1:21  Overlord  
  14  1:49  Zergling x2  
  14  1:51  Queen  
  17  2:02  Roach Warren  
  17  2:06  Drone  
  17  2:10  Extractor  
  17  2:14  Drone  
  17  2:18  Zergling x2  
  18  2:33  Drone  
  19  2:46  Overlord  
  19  2:47  Zergling x2  
  20  2:52  Drone  
  21  2:59  Drone  
  22  3:06  Drone  
  23  3:13  Drone  
  23  3:15  Roach  
  26  3:20  Drone  
  27  4:52  Zergling x2  
  27  5:20  Zergling x2  
  27  5:49  Zergling x2  
  23  6:18  Zergling x2  
Tags
 
Add a new tag
Caveats
  • Supply blocks, unpowered buildings, or Contaminate may cause inaccurate times.
  • Supply counts are checked every 10 seconds.